 Dungeon Crawl Stone Soup version 0.29-a0-613-gf2c431b9b9 (webtiles) character file.

Game seed: 4011576059681355064

84 moldycheese5 the Skirmisher (level 4, -1/37 HPs)
             Began as a Demonspawn Abyssal Knight on June 16, 2022.
             Was a Believer of Lugonu.
             Slain by Sigmund
             ... wielding a +0 vorpal scythe
              (7 damage)
             ... on level 3 of the Dungeon.
             The game lasted 00:04:28 (2423 turns).

moldycheese5 the Skirmisher (DsAK)                  Turns: 2423, Time: 00:04:29

Health: -1/37      AC:  6    Str: 15    XL:     4   Next: 24%
Magic:  5/5        EV: 13    Int: 11    God:    Lugonu [**....]
Gold:   46         SH:  0    Dex: 14    Spells: 3/3 levels left

rFire   . . .      SeeInvis .   a - +1 falchion
rCold   . . .      Faith    .   (no shield)
rNeg    . . .      Spirit   .   n - +0 scale mail
rPois   .          Reflect  .   (helmet restricted)
rElec   .          Harm     .   (no cloak)
rCorr   .          Rampage  .   (no gloves)
Will    .....                   (no boots)
Stlth   ..........              (no amulet)
HPRegen 0.12/turn               e - +4 ring of evasion
MPRegen 0.09/turn               (no ring)

@: no status effects
A: horns 1, powered by death 1, demonic touch 1
a: Renounce Religion, Depart the Abyss, Bend Space


You were on level 3 of the Dungeon.
You worshipped Lugonu.
Lugonu was pleased with you.
You visited 1 branch of the dungeon, and saw 3 of its levels.
You visited the Abyss 1 time.

You collected 46 gold pieces.

Inventory:

Hand Weapons
 a - a +1 falchion (weapon)
Armour
 b - a +0 leather armour
 n - a +0 scale mail (worn)
Jewellery
 e - a +4 ring of evasion (left hand)
 l - an amulet of magic regeneration
Scrolls
 c - 3 scrolls of identify {unknown}
 d - 3 scrolls of enchant armour {unknown}
 f - a scroll of teleportation {unknown}
 j - a scroll of vulnerability {unknown}
 k - a scroll of blinking {unknown}
 m - 2 scrolls of amnesia {unknown}
Potions
 g - a potion of lignification {unknown}
 h - 2 potions of flight {unknown}
 i - 5 potions of curing {unknown}
 o - a potion of attraction {unknown}
 p - a potion of ambrosia {unknown}


   Skills:
 + Level 3.7 Fighting
 + Level 2.9 Long Blades
 + Level 2.3 Armour
 + Level 1.3 Dodging
 + Level 2.5 Invocations


You had 3 spell levels left.
You didn't know any spells.
Your spell library contained the following spells:

 Spells                   Type           Power      Damage    Failure   Level
 Passage of Golubria      Tloc           0%         N/A       100%        4
 Silence                  Hex/Air        0%         N/A       100%        5
 Lehudib's Crystal Spear  Conj/Erth      0%         10d2      100%        8


Dungeon Overview and Level Annotations

Branches:
Dungeon (3/15)

Altars:
Qazlal

Annotations:
D:3 Sigmund


Innate Abilities, Weirdness & Mutations

You have a pair of small horns on your head.
You regenerate a little health from kills.
Your touch may inflict minor irresistible damage on your foes.


Message History

You are confused.
Something hits you but does no damage.
You are too confused!
You are too confused!
You are too confused!
You are too confused!
Unknown command.
Unknown command.
Unknown command.
You are too confused!
You are too confused!
You are too confused!
You are too confused!
You are too confused!
You are too confused!
You are too confused!
You are too confused!
You are too confused!
Something hits you but does no damage.
You hear some strange, mumbled words.
Something tries to affect you, but you resist.
You are too confused!
You are too confused!
You are too confused!
You feel less confused. Something hits you. Something hits you!
No target in view!
No target in view!
No target in view!
No target in view!
Something hits you but does no damage.
You closely miss something. Something hits you!
You miss something. You headbutt something. Your touch misses something.
Something hits you.
* * * LOW HITPOINT WARNING * * *
You closely miss something. You headbutt something. Something hits you.
* * * LOW HITPOINT WARNING * * *
x2 You barely miss something.
Something hits you!
You die...

#... #.. ... ...
#.# #.# #{# #@#
#.# ###.###
#.....#
#######.###.#####
...>....# #.....#
##..###.###.#
##...†......#
#...###.###.#


There were no monsters in sight!

Vanquished Creatures
  3 adders (D:2)
  A worm (D:3)
  2 dart slugs (D:2)
  3 endoplasms
  3 goblins
  8 hobgoblins
  8 quokkas
  5 ball pythons
  4 bats
  2 frilled lizards
  4 kobolds
  5 rats
48 creatures vanquished.

Notes
Turn   | Place    | Note
-------+----------+-------------------------------------------
     0 | Abyss:1  | moldycheese5 the Demonspawn Abyssal Knight began the quest
                  | for the Orb.
     0 | Abyss:1  | Reached XP level 1. HP: 18/18 MP: 2/2
     0 | D:1      | Escaped the Abyss
   130 | D:1      | Reached ** piety under Lugonu
   391 | D:1      | Gained mutation: You regenerate a little health from kills.
                  | [demonic ancestry]
   391 | D:1      | Reached XP level 2. HP: 12/24 MP: 3/3
  1076 | D:1      | Discovered your monstrous ancestry.
  1076 | D:1      | Gained mutation: You have a pair of small horns on your
                  | head. [demonic ancestry]
  1076 | D:1      | Reached XP level 3. HP: 27/29 MP: 4/4
  1562 | D:2      | Reached skill level 1 in Dodging
  1783 | D:2      | Gained mutation: Your touch may inflict minor irresistible
                  | damage on your foes. [demonic ancestry]
  1783 | D:2      | Reached XP level 4. HP: 29/37 MP: 5/5
  2006 | D:2      | Found a stormy altar of Qazlal.
  2407 | D:3      | Noticed Sigmund
  2423 | D:3      | Slain by Sigmund

Illustrated notes

Levels and vault maps discovered:
D:1:      onia_arrival_mini_maze_b, layout_rooms
D:2:      layout_loops_ring, basic_altar
D:3:      layout_loops_ring, minmay_goblin_kobold_house, uniq_sigmund

Skill      XL: |  1  2  3 |
---------------+----------+-----
Armour         | 2 |  2.3
Long Blades    | 2 |  2.9
Dodging        | 1 |  1.3
Fighting       | |  3.7
Invocations    | |  2.5

Action                   |  1- 3 |  4- 6 || total
-------------------------+-------+-------++-------
Melee: Falchion          |   122 |    18 ||   140
       Headbutt          |    10 |     2 ||    12
       Touch             |       |     3 ||     3
Invok: Depart the Abyss  |     1 |       ||     1
Armor: Leather armour    |    35 |       ||    35
       Scale mail        |       |     7 ||     7
Dodge: Dodged            |   119 |     6 ||   125

Table legend: (Time is in decaauts)
 A = Elapsed time spent in this place.
 B = Non-inter-level travel time spent in this place.
 C = Inter-level travel time spent in this place.
 D = Time resting spent in this place.
 E = Time spent auto-exploring this place.
 F = Levels seen in this place.
 G = Mean time per level.
                   A        B        C        D        E       F      G
               +--------+--------+--------+--------+--------+-----+--------+
         Total |   2448 |   2296 |    152 |    212 |   1735 |   4 |  612.0 |
       Dungeon |   2448 |   2296 |    152 |    212 |   1735 |   3 |  816.0 |
         Abyss |      0 |      0 |      0 |      0 |      0 |   1 |    0.0 |
               +--------+--------+--------+--------+--------+-----+--------+

Top non-repeatable levels by time:
     D:1: 1240 daAuts
     D:2: 1171 daAuts
     D:3: 36 daAuts
